Map: Blackpink LE

Players

sweffymo

  • Race: Protoss Protoss
  • League: Platinum
  • Spawn Location: 7:00

Net - Winner!

  • Race: Zerg Zerg
  • League: Platinum
  • Spawn Location: 1:00

VOD

Have the link to the VOD?

Description

ZvP by Tuco

Time

  • Played on: Feb. 21, 2018, 8:36 p.m.
  • Length: 14:55
Show
View Real Time Build Order
Export as new Build Order

sweffymo Protoss 

Build Orders: 1 Gate Expand 

Get SALT Encoding   

  12  0:01  Probe  
  13  0:13  Probe  
  14  0:21  Pylon  
  14  0:25  Probe  
  15  0:40  Gateway  
  15  0:41  Probe (Chrono Boost)  
  16  0:52  Probe (Chrono Boost)  
  17  1:01  Probe  
  17  1:04  Pylon  
  18  1:13  Probe  
  18  1:25  Assimilator  
  18  1:28  Nexus  
  18  1:42  Cybernetics Core  
  18  1:47  Pylon  
  18  1:49  Probe (Chrono Boost)  
  19  2:00  Probe (Chrono Boost)  
  22  2:09  Gateway  
  22  2:11  Gateway  
  22  2:15  Probe  
  23  2:22  Stalker  
  23  2:27  Probe  
  23  2:29  Warp Gate (Chrono Boost)  
  24  2:31  Gateway  
  24  2:41  Probe (Chrono Boost)  
  25  2:45  Probe (Chrono Boost)  
  27  2:54  Assimilator  
  27  2:55  Probe (Chrono Boost)  
  27  2:56  Probe (Chrono Boost)  
  28  3:02  Gateway  
  28  3:33  Zealot  
  28  3:34  Pylon  
  30  3:43  Shield Battery  
  30  3:51  Twilight Council  
  30  3:53  Probe (Chrono Boost)  
  32  3:58  Probe (Chrono Boost)  
  33  4:03  Probe (Chrono Boost)  
  33  4:07  Probe (Chrono Boost)  
  34  4:16  Pylon  
  34  4:20  Probe x2  
  36  4:26  Charge (Chrono Boost), Zealot x4  
  44  4:32  Probe x2  
  46  4:49  Zealot  
  46  4:50  Zealot x2  
  52  4:56  Probe x2  
  52  4:59  Nexus  
  54  5:00  Pylon, Zealot  
  56  5:12  Probe x2  
  58  5:20  Robotics Facility  
  58  5:22  Gateway  
  58  5:25  Shield Battery  
  58  5:29  Gateway  
  58  5:40  Forge  
  58  5:42  Assimilator, Zealot  
  58  5:43  Zealot  
  52  6:12  Protoss Ground Weapons Level 1 (Chrono Boost)  
  46  6:20  Zealot x4  
  46  6:25  Immortal  
  58  6:32  Probe x2  
  60  6:33  Probe, Assimilator  
  60  6:39  Pylon  
  61  6:42  Zealot x5  
  61  6:44  Probe x2  
  61  6:45  Probe  
  61  6:46  Zealot  
  76  6:59  Probe x3  
  79  7:11  Probe x2  
  79  7:12  Probe  
  82  7:17  Templar Archives  
  82  7:20  Warp Prism (Chrono Boost), Pylon  
  84  7:37  Zealot  
  84  7:38  Zealot x5  
  96  7:45  Probe  
  96  7:46  Probe x2  
  96  7:49  Observer  
  100  7:51  Assimilator  
  100  7:53  Assimilator  
  100  7:55  Gateway  
  100  7:58  Probe  
  101  7:59  Gateway  
  101  8:02  Pylon, Protoss Ground Weapons Level 2 (Chrono Boost)  
  101  8:19  Pylon  
  101  8:20  Probe x2  
  101  8:22  Pylon  
  103  8:29  High Templar x3  
  109  8:38  Pylon  
  109  8:39  High Templar  
  109  8:40  High Templar  
  109  8:41  High Templar  
  115  8:42  Archon  
  115  8:43  Archon  
  115  8:45  Archon  
  115  8:56  Immortal  
  115  8:57  Gateway  
  115  9:00  Gateway  
  115  9:02  Gateway  
  119  9:04  High Templar  
  119  9:05  High Templar x3, Gateway  
  119  9:07  Zealot  
  119  9:08  Archon  
  119  9:09  Archon  
  129  9:12  Zealot x2  
  133  9:17  Pylon  
  133  9:45  Zealot x4  
  141  9:56  Pylon  
  141  9:57  Pylon  
  141  10:00  Pylon  
  141  10:01  Pylon  
  141  10:04  Pylon  
  141  10:22  High Templar x3  
  141  10:23  High Templar x3  
  141  10:26  High Templar x2  
  141  10:27  Archon  
  141  10:28  Archon x2  
  157  10:30  Archon  
  157  10:45  Zealot x4  
  139  10:59  Zealot x8  
  58  11:30  High Templar x3  
  58  11:31  High Templar x3  
  58  11:32  High Templar  
  72  11:33  High Templar  
  72  11:34  High Templar x2  
  72  11:37  Archon x3  
  72  11:38  Archon x2  
  72  11:39  Nexus, Zealot x2  
  82  11:43  Probe x3  
  85  11:55  Pylon  
  85  11:58  Pylon  
  85  12:05  Pylon, Zealot x10  
  105  12:10  High Templar x2  
  105  12:14  Archon  
  109  12:22  Protoss Ground Armor Level 1 (Chrono Boost)  
  109  12:30  Forge  
  109  12:40  Zealot x6  
  109  12:41  Zealot x4  
  109  12:43  Zealot x2  
  121  13:11  Zealot  
  119  13:22  Robotics Facility x2  
  119  13:25  Robotics Bay  
  119  13:26  Pylon  
  119  13:40  Observer (Chrono Boost)  
  120  13:53  Observer (Chrono Boost)  
  121  13:56  Pylon  
  121  14:12  Nexus  
  121  14:13  Observer  
  122  14:23  Zealot x8  
  122  14:24  Zealot x4  
  83  14:48  Zealot x3  
  83  14:49  Zealot x5  
Show
View Real Time Build Order
Export as new Build Order

Net Zerg - Winner!

Build Orders: Pool First, Lurkers 

Get SALT Encoding   

  12  0:01  Drone  
  13  0:12  Overlord  
  13  0:23  Drone  
  14  0:34  Drone  
  15  0:36  Drone  
  16  0:45  Spawning Pool  
  15  1:09  Drone x3  
  18  1:32  Drone x2  
  20  1:36  Hatchery, Queen  
  21  1:50  Drone  
  22  2:00  Overlord  
  22  2:20  Zergling x4  
  24  2:50  Extractor  
  23  2:53  Queen, Drone  
  26  3:03  Drone x3  
  26  3:04  Drone x3  
  32  3:06  Hatchery, Overlord  
  29  3:35  Evolution Chamber  
  29  3:36  Drone  
  29  3:37  Drone x6  
  35  3:41  Overlord  
  35  3:55  Extractor, Queen  
  36  3:56  Queen  
  38  4:30  Extractor  
  37  4:34  Extractor  
  37  4:35  Queen  
  37  4:36  Drone x2  
  40  4:42  Roach Warren  
  40  4:45  Evolution Chamber  
  38  4:51  Drone x2  
  38  4:52  Drone x6  
  46  4:53  Drone x6  
  52  5:01  Drone x3  
  52  5:02  Overlord  
  55  5:08  Zergling x6  
  55  5:10  Overlord x2  
  58  5:22  Zergling x4  
  58  5:23  Zergling x6  
  58  5:27  Zerg Ground Armor Level 1  
  63  5:29  Roach x2  
  67  5:48  Roach x4  
  67  5:49  Roach x3  
  81  5:50  Overlord x3  
  68  6:16  Roach x3  
  68  6:17  Roach x7  
  84  6:23  Lair  
  84  6:31  Drone x3  
  87  6:50  Drone x3  
  90  6:59  Overlord x3  
  90  7:19  Drone x2  
  90  7:20  Drone  
  90  7:21  Overlord x2, Drone x4  
  90  7:22  Overlord  
  97  7:28  Overseer x5  
  97  7:39  Drone x4  
  101  7:48  Hydralisk Den  
  101  7:49  Zerg Missile Weapons Level 1, Zerg Ground Armor Level 2  
  100  7:51  Infestation Pit  
  100  7:56  Extractor, Drone x3  
  100  7:57  Extractor  
  100  8:16  Hatchery  
  100  8:19  Ravager x5  
  105  8:20  Ravager  
  105  8:21  Overlord x2  
  105  8:23  Overlord x2  
  105  8:25  Drone  
  105  8:26  Drone x7  
  113  8:37  Drone x3  
  113  8:38  Drone x3  
  119  8:52  Hydralisk x7  
  119  8:53  Hydralisk  
  135  9:19  Hydralisk x10  
  155  9:27  Lurker Den  
  154  9:32  Hydralisk x3  
  154  9:33  Hydralisk  
  154  9:37  Grooved Spines  
  166  9:45  Roach x2  
  166  9:46  Roach x2  
  170  9:57  Hydralisk x5  
  170  9:58  Hydralisk  
  182  10:00  Zergling x10  
  187  10:34  Hydralisk x2  
  191  10:35  Overlord  
  191  10:36  Overlord x2  
  116  11:17  Hydralisk  
  116  11:18  Hydralisk x21  
  142  11:26  Lurker  
  142  11:27  Lurker  
  144  11:33  Extractor  
  144  11:34  Extractor  
  142  11:42  Overseer x2  
  142  11:43  Overseer  
  142  11:45  Zergling x6  
  142  11:46  Zergling x10  
  150  11:52  Hatchery  
  149  12:06  Lurker x4  
  149  12:07  Lurker  
  154  12:28  Hydralisk x8  
  170  12:35  Queen  
  170  12:36  Overseer x2  
  172  12:39  Hydralisk  
  172  12:40  Zergling x6  
  172  12:41  Zergling x8  
  179  13:18  Queen  
  179  13:19  Drone x2  
  183  13:34  Extractor x2  
  182  13:38  Hive  
  181  13:43  Spire  
  181  13:44  Drone  
  181  13:45  Drone x5  
  181  13:46  Drone  
  181  13:48  Drone x3  
  190  14:04  Lurker x3  
  193  14:29  Hydralisk x3  
Tags
 
Add a new tag
Caveats
  • Supply blocks, unpowered buildings, or Contaminate may cause inaccurate times.
  • Supply counts are checked every 10 seconds.